 Dungeon Crawl Stone Soup version 0.30.1 (webtiles) character file.

Game seed: 6308224478907664585

49 javelincjr the Caller (level 3, -3/26 HPs)
             Began as a Demonspawn Summoner on July 5, 2023.
             Slain by a gnoll
             ... wielding a +0 flail
              (4 damage)
             ... on level 2 of the Dungeon.
             The game lasted 00:04:28 (1384 turns).

javelincjr the Caller (Demonspawn Summoner)         Turns: 1384, Time: 00:04:29

Health: -3/26      AC:  2    Str:  8    XL:     3   Next: 51%
Magic:  1/6        EV: 12    Int: 18    God:
Gold:   78         SH:  0    Dex: 13    Spells: 3/6 levels left

rFire   . . .        g - +0 dagger
rCold   . . .        (no shield)
rNeg    . . .        a - +0 robe
rPois   .            (no helmet)
rElec   .            (no cloak)
rCorr   .            (no gloves)
SInv    .            (no boots)
Will    .....        (no amulet)
Stlth   ++           (no ring)
HPRegen 0.24/turn    (no ring)
MPRegen 0.10/turn

%: no passive effects
@: very slightly contaminated
A: spiny 1
a: no special abilities


You were on level 2 of the Dungeon.
You visited 1 branch of the dungeon, and saw 2 of its levels.

You collected 78 gold pieces.

Inventory:

Hand Weapons
 g - a +0 dagger (weapon)
Armour
 a - a +0 robe (worn)
Scrolls
 d - a scroll of noise {unknown}
 e - a scroll of fog {unknown}
 h - a scroll of identify {unknown}
 i - a scroll of amnesia {unknown}
Potions
 b - a potion of magic
 c - 2 potions of invisibility {unknown}
 f - a potion of berserk rage {unknown}


   Skills:
 + Level 1.1 Fighting
 + Level 2.2 Dodging
 + Level 2.3 Stealth
 + Level 2.3 Spellcasting
 + Level 4.3 Summonings


You had 3 spell levels left.
You knew the following spells:

 Your Spells              Type           Power      Damage    Failure   Level
a - Summon Small Mammal   Summ           68%        N/A       3%          1
b - Call Imp              Summ           34%        N/A       4%          2

Your spell library contained the following spells:

 Spells                   Type           Power      Damage    Failure   Level
 Call Canine Familiar     Summ           17%        N/A       9%          3
 Summon Guardian Golem    Hex/Summ       9%         N/A       22%         3
 Gell's Gravitas          Tloc           2%         N/A       45%         3
 Teleport Other           Tloc           2%         N/A       45%         3
 Summon Lightning Spire   Summ/Air       9%         N/A       58%         4
 Dispersal                Tloc           1%         N/A       100%        6


Dungeon Overview and Level Annotations

Branches:
Dungeon (2/15)

Altars:


Innate Abilities, Weirdness & Mutations

You are partially covered in sharp spines.


Message History

The gnoll is lightly wounded.
The gnoll hits you with a +0 flail. The gnoll is struck by your spines.
The gnoll misses you.
A tiny devil pulls itself out of the air.
The gnoll barely misses you.
Casting: Call Imp (safe; 4% risk of failure)
Confirm with . or Enter, or press ? or * to list all spells.
You miscast Summon Small Mammal.
You are very lightly contaminated with residual magic.
Nothing appears to happen.
The gnoll closely misses you. The gnoll barely misses you.
Your cerulean imp closely misses the gnoll.
The gnoll hits you with a +0 flail!
Casting: Summon Small Mammal (safe; 3% risk of failure)
Confirm with . or Enter, or press ? or * to list all spells.
The gnoll is struck by your spines. The gnoll hits you with a +0 whip.
The gnoll is struck by your spines. The gnoll hits you with a +0 whip.
The gnoll hits you with a +0 flail!
* * * LOW HITPOINT WARNING * * *
You swap places.
Your cerulean imp hits the gnoll but does no damage.
The gnoll barely misses your rat.
Your rat misses the gnoll.
A goblin comes into view. It is wielding a +0 dagger.
Your cerulean imp hits the gnoll but does no damage.
The gnoll hits your rat with a +0 whip!
Your rat dies!
Your rat's corpse disappears in a puff of smoke!
The gnoll hits you with a +0 whip.
* * * LOW HITPOINT WARNING * * *
The gnoll attacks as you move away! The gnoll barely misses you.
The gnoll attacks as you move away! The gnoll is struck by your spines.
The gnoll barely misses you.
Your cerulean imp completely misses the gnoll.
Your cerulean imp hits the gnoll but does no damage.
The gnoll hits your cerulean imp with a +0 whip.
Casting: Summon Small Mammal (safe; 3% risk of failure)
Confirm with . or Enter, or press ? or * to list all spells.
Your cerulean imp hits the gnoll but does no damage.
The gnoll hits you with a +0 flail.
You die...

######..#...###
#$####....#..#.....#
##......#..#..#.....#####
....##.§.#.#..'..........
......g......##......##..
......5§§..#.........#
.......gg#.###.......#
.....###g#[# #..........
....$ #@#.# #.###.......
.... #b#.# #. ........
... #.#.. .. ........ ###
....... ........ #####
...##...#


You could see 3 gnolls, a goblin, a friendly cerulean imp (summoned) and a
friendly bat (summoned).

Vanquished Creatures
  An adder (D:2)
  A worm (D:2)
  A bat (D:1)
  An endoplasm (D:1)
  A giant cockroach (D:1)
  A goblin (D:2)
  A hobgoblin (D:1)
  3 jackals (D:1)
  3 kobolds
  A frilled lizard (D:1)
14 creatures vanquished.

Vanquished Creatures (collateral kills)
  A bat (D:2)
  2 giant cockroaches (D:1)
  3 goblins (D:1)
  2 hobgoblins (D:1)
  2 jackals (D:1)
  2 quokkas (D:1)
  A ball python (D:1)
  2 frilled lizards (D:1)
  A kobold (D:1)
  A rat (D:2)
17 creatures vanquished.

Grand Total: 31 creatures vanquished

Notes
Turn   | Place    | Note
-------+----------+-------------------------------------------
     0 | D:1      | javelincjr the Demonspawn Summoner began the quest for the
                  | Orb.
     0 | D:1      | Reached XP level 1. HP: 13/13 MP: 3/3
   282 | D:1      | Gained mutation: You are partially covered in sharp spines.
                  | [demonic ancestry]
   282 | D:1      | Reached XP level 2. HP: 20/20 MP: 3/5
   388 | D:1      | Learned a level 2 spell: Call Imp
   784 | D:1      | Reached skill level 1 in Fighting
   784 | D:1      | Reached XP level 3. HP: 22/26 MP: 0/6
  1379 | D:2      | HP: 1/26 [gnoll/+0 flail (8)]
  1384 | D:2      | Slain by a gnoll

Illustrated notes

Levels and vault maps discovered:
D:1:      dpeg_arrival_triangle_fractal, layout_loops_ring,
          chequers_decorated_corner
D:2:      layout_basic, nicolae_half_adder

Skill      XL: |  1  2 |
---------------+-------+-----
Stealth        | 2 |  2.3
Dodging        | 2 |  2.2
Fighting       | 1 |  1.1
Spellcasting   | |  2.3
Summonings     | |  4.3

Action                     || total
---------------------------++-------
  Melee: Unarmed           ||    29
         Dagger            ||    14
   Cast: Summon Small Mamm ||    21
         Call Imp          ||    11
   Stab: Sleeping          ||     1
         Distracted        ||     1
 Armour: Robe              ||    13
  Dodge: Dodged            ||    31
